 Dungeon Crawl Stone Soup version 0.31-a0-1308-ga3cce3a448 (webtiles) character file.

Game seed: 6686883945438117772

4843 gruber the Frost Mage (level 10, -10/74 HPs)
             Began as a Gnoll Ice Elementalist on Dec 19, 2023.
             Was a Priest of Vehumet.
             Mangled by an unseen horror simulacrum (12 damage)
             ... on level 9 of the Dungeon.
             The game lasted 00:11:17 (9146 turns).

gruber the Frost Mage (Gnoll Ice Elementalist)      Turns: 9146, Time: 00:11:18

Health: -10/74     AC:  5    Str:  8    XL:     10   Next: 49%
Magic:  21/21      EV: 15    Int: 20    God:    Vehumet [***...]
Gold:   542        SH:  0    Dex: 13    Spells: 13/24 levels left

rFire   . . .        y - +5 long sword (freeze)
rCold   . . .        (no shield)
rNeg    . . .        s - +1 robe "Qiforenao" {Int+2}
rPois   +            (no helmet)
rElec   .            (no cloak)
rCorr   .            D - +0 pair of gloves
SInv    .            o - +0 pair of boots
Will    +....        (no amulet)
Stlth   +++          u - ring of willpower
HPRegen 0.32/turn    l - ring of poison resistance
MPRegen 0.17/turn

%: no passive effects
@: no status effects
A: fangs 1, strong nose, distributed training
a: Renounce Religion


You were on level 9 of the Dungeon.
You worshipped Vehumet.
Vehumet was most pleased with you.
You visited 1 branch of the dungeon, and saw 9 of its levels.

You collected 542 gold pieces.

Inventory:

Hand Weapons
 y - a +5 long sword of freezing (weapon)
Armour
 o - a +0 pair of boots (worn)
 s - the +1 robe "Qiforenao" (worn) {Int+2}
   (You found it on level 4 of the Dungeon)

   Int+2:     It affects your intelligence (+2).
 t - a +2 kite shield
 D - a +0 pair of gloves (worn)
Jewellery
 h - a ring of see invisible
 l - a ring of poison resistance (right hand)
 u - a ring of willpower (left hand)
Wands
 v - a wand of flame (26)
Scrolls
 a - a scroll of fog {unknown}
 c - 3 scrolls of immolation {unknown}
 d - 12 scrolls of identify {unknown}
 f - a scroll of amnesia {unknown}
 i - 4 scrolls of teleportation {unknown}
 k - a scroll of poison {unknown}
 m - 2 scrolls of blinking {unknown}
 p - a scroll of revelation {unknown}
 w - 3 scrolls of noise {unknown}
Potions
 b - a potion of magic
 e - 4 potions of heal wounds
 g - 3 potions of resistance {unknown}
 j - 2 potions of attraction {unknown}
 n - 3 potions of cancellation {unknown}
 q - 3 potions of haste {unknown}
 r - 2 potions of curing {unknown}
 x - 2 potions of degeneration {unknown}
 z - a potion of invisibility {unknown}
 A - a potion of brilliance {unknown}
 B - a potion of might {unknown}
 C - a potion of berserk rage {unknown}


   Skills:
 + Level 5.4 Fighting
 + Level 5.4 Short Blades
 + Level 5.4 Long Blades
 + Level 5.4 Axes
 + Level 5.4 Maces & Flails
 + Level 5.4 Polearms
 + Level 5.4 Staves
 + Level 5.4 Ranged Weapons
 + Level 5.4 Throwing
 + Level 5.4 Armour
 + Level 7.2 Dodging
 + Level 6.9 Stealth
 + Level 5.4 Shields
 + Level 5.4 Unarmed Combat
 + Level 7.5 Spellcasting
 + Level 4.5 Conjurations
 + Level 4.5 Hexes
 + Level 4.5 Summonings
 + Level 4.5 Necromancy
 + Level 4.5 Translocations
 + Level 4.5 Transmutations
 + Level 4.5 Fire Magic
 + Level 8.5 Ice Magic
 + Level 4.5 Air Magic
 + Level 4.5 Earth Magic
 + Level 4.5 Poison Magic
 + Level 6.0 Invocations
 + Level 5.4 Evocations
 + Level 4.9 Shapeshifting


You had 13 spell levels left.
You knew the following spells:

 Your Spells              Type           Power      Damage    Failure   Level
a - Freeze                Ice            100%       1d10      1%          1
b - Frozen Ramparts       Ice            82%        1d13      1%          3
c - Ozocubu's Armour      Ice            41%        N/A       1%          3
d - Summon Ice Beast      Ice/Summ       33%        N/A       6%          4

Your spell library contained the following spells:

 Spells                   Type           Power      Damage    Failure   Level
 Stone Arrow              Conj/Erth      50%        3d10      1%          3
 Cigotuvi's Dreadful Rot  Necr/Pois/Air  50%        N/A       2%          2
 Animate Dead             Necr           25%        N/A       14%         4
 Dispel Undead            Necr           25%        3d12      14%         4
 Agony                    Necr           25%        N/A       36%         5
 Death Channel            Necr           12%        N/A       91%         6


Dungeon Overview and Level Annotations

Branches:
Dungeon (9/15)             Temple (0/1) D:5            Lair (0/5) D:9
    Orc: D:9-12

Altars:
Ashenzari
Elyvilon
Gozag
Okawaru
Vehumet
Xom
Zin
The Shining One

Shops:
D:5 ?


Innate Abilities, Weirdness & Mutations

You have very sharp teeth.
Your uncanny sense of smell can sniff out nearby items.
Your experience applies equally to all skills.


Message History

You hit the centaur. You freeze the centaur.
The centaur is severely wounded.
The centaur barely misses you.
The centaur kicks you but does no damage.
The centaur closely misses you.
The centaur kicks you but does no damage.
Unknown command.
You hit the centaur but do no damage.
The centaur is severely wounded.
The centaur hits you. The centaur closely misses you. The centaur hits you.
The centaur barely misses you.
You slash the centaur! You freeze the centaur.
You kill the centaur!
Vehumet accepts your kill.
You feel your power returning.
The unseen horror simulacrum closely misses you.
The unseen horror simulacrum misses you.
Your Invocations skill increases to level 6!
The unseen horror simulacrum closely misses you.
The unseen horror simulacrum hits you but does no damage.
The unseen horror simulacrum hits you but does no damage.
The unseen horror simulacrum closely misses you.
You completely miss the unseen horror simulacrum.
The unseen horror simulacrum misses you.
The unseen horror simulacrum hits you.
The unseen horror simulacrum freezes you!
The unseen horror simulacrum barely misses you.
Your ice beast hits the unseen horror simulacrum but does no damage.
Unknown command.
You are too injured to fight recklessly!
Unknown command.
The unseen horror simulacrum attacks as it pursues you!
The unseen horror simulacrum hits you.
* * * LOW HITPOINT WARNING * * *
The unseen horror simulacrum freezes you!
* * * LOW HITPOINT WARNING * * *
The unseen horror simulacrum hits you.
* * * LOW HITPOINT WARNING * * *
The unseen horror simulacrum freezes you!
You die...

#..>....' ~~ #.......#
~≈~ #.......# .~~~
#.......##...≈~
+.......$......
#.......#.#
#......Y..#
#....Z....# ....≈≈~~~#
##..#@#...# .>.~.~~..#
#........# ....~~≈..#
##..#.#...#
~.~.≈≈~~.###........##
≈†~≈~≈.....#........#
≈~~S≈≈...#......#####
≈≈.)≈~~~.######.#
.~~.~....# #†#
S.†.~....# #.#


You could see an unseen horror simulacrum (ally target) and a friendly ice beast
(summoned).

Vanquished Creatures
  Jeremiah (D:8)
  A polar bear (D:9)
  Sigmund (D:4)
  A wyvern (D:7)
  A yak (D:9)
  Eustachio (D:5)
  A steam dragon (D:7)
  A water moccasin (D:7)
  2 orc warriors
  A black bear (D:6)
  An ogre (D:5)
  2 ice beasts
  3 wolves (D:9)
  3 centaurs
  A bullfrog (D:7)
  2 gnoll sergeants
  7 scorpions
  3 killer bees (D:8)
  7 hounds
  4 jellies
  4 orc priests
  A sleepcap (D:4)
  4 iguanas
  2 orc wizards
  14 gnolls
  9 adders
  2 shadow imps
  An ufetubus (D:6)
  A worm (D:3)
  2 dart slugs (D:1)
  13 orcs
  3 bats
  6 endoplasms
  2 giant cockroaches (D:1)
  2 goblins (D:4)
  8 hobgoblins
  7 jackals (D:1)
  4 quokkas
  7 ball pythons
  A frilled lizard (D:1)
  8 kobolds
  4 rats
149 creatures vanquished.

Vanquished Creatures (collateral kills)
  2 ice beasts (D:9)
  An orc warrior (D:7)
  2 wolves (D:9)
  3 wights
  3 hounds (D:9)
  5 gnolls
  2 white imps
  2 ufetubi
  4 orcs
24 creatures vanquished.

Vanquished Creatures (others)
  A polar bear (D:9)
  An orc (D:9)
2 creatures vanquished.

Grand Total: 175 creatures vanquished

Notes
Turn   | Place    | Note
-------+----------+-------------------------------------------
     0 | D:1      | gruber the Gnoll Ice Elementalist began the quest for the
                  | Orb.
     0 | D:1      | Reached XP level 1. HP: 13/13 MP: 6/6
    74 | D:1      | Reached XP level 2. HP: 12/19 MP: 4/7
   306 | D:1      | Reached XP level 3. HP: 11/25 MP: 9/9
   427 | D:1      | Reached skill level 5 in Spellcasting
   966 | D:2      | Reached skill level 1 in Invocations
  1242 | D:2      | Reached skill level 1 in Fighting
  1242 | D:2      | Reached skill level 1 in Short Blades
  1242 | D:2      | Reached skill level 1 in Long Blades
  1242 | D:2      | Reached skill level 1 in Axes
  1242 | D:2      | Reached skill level 1 in Maces & Flails
  1242 | D:2      | Reached skill level 1 in Polearms
  1242 | D:2      | Reached skill level 1 in Staves
  1242 | D:2      | Reached skill level 1 in Ranged Weapons
  1242 | D:2      | Reached skill level 1 in Throwing
  1242 | D:2      | Reached skill level 1 in Armour
  1242 | D:2      | Reached skill level 1 in Shields
  1242 | D:2      | Reached skill level 1 in Unarmed Combat
  1242 | D:2      | Reached skill level 1 in Evocations
  1331 | D:2      | Learned a level 3 spell: Frozen Ramparts
  1335 | D:2      | Learned a level 3 spell: Ozocubu's Armour
  1555 | D:2      | Reached skill level 1 in Shapeshifting
  1555 | D:2      | Reached XP level 4. HP: 29/32 MP: 9/11
  1700 | D:3      | Found a faded altar of an unknown god.
  1959 | D:3      | Reached skill level 1 in Conjurations
  1959 | D:3      | Reached skill level 1 in Hexes
  1959 | D:3      | Reached skill level 1 in Summonings
  1959 | D:3      | Reached skill level 1 in Necromancy
  1959 | D:3      | Reached skill level 1 in Translocations
  1959 | D:3      | Reached skill level 1 in Transmutations
  1959 | D:3      | Reached skill level 1 in Fire Magic
  1959 | D:3      | Reached skill level 1 in Air Magic
  1959 | D:3      | Reached skill level 1 in Earth Magic
  1959 | D:3      | Reached skill level 1 in Poison Magic
  2512 | D:4      | Noticed a scorpion
  2520 | D:4      | Killed a scorpion
  2521 | D:4      | Reached XP level 5. HP: 37/37 MP: 3/12
  2604 | D:4      | Found a radiant altar of Vehumet.
  2609 | D:4      | Identified the +1 robe "Qiforenao" {Int+2}
  2618 | D:4      | Noticed Sigmund
  2626 | D:4      | Killed Sigmund
  2627 | D:4      | Reached skill level 5 in Dodging
  2627 | D:4      | Reached XP level 6. HP: 43/44 MP: 4/14
  2855 | D:4      | Became a worshipper of Vehumet
  2913 | D:4      | Got Hal Jida's Volume of Abominable Liturgies
  3221 | D:4      | Reached XP level 7. HP: 51/51 MP: 9/15
  3283 | D:4      | Found an iron altar of Okawaru.
  3438 | D:4      | Found a broken altar of Ashenzari.
  3530 | D:5      | Entered Level 5 of the Dungeon
  3607 | D:5      | Reached * piety under Vehumet
  3607 | D:5      | Offered knowledge of Sandblast by Vehumet.
  3611 | D:5      | Reached skill level 5 in Stealth
  3760 | D:5      | Found a shimmering altar of Xom.
  3879 | D:5      | Found Pupaffax's Magic Scroll Boutique.
  3930 | D:5      | Found a staircase to the Ecumenical Temple.
  3974 | D:5      | Reached XP level 8. HP: 54/58 MP: 12/16
  4060 | D:5      | Noticed Eustachio
  4074 | D:5      | Killed Eustachio
  4577 | D:4      | Learned a level 4 spell: Summon Ice Beast
  5137 | D:6      | Reached XP level 9. HP: 59/65 MP: 14/18
  5180 | D:6      | Found a glowing golden altar of the Shining One.
  5542 | D:6      | Offered knowledge of Shock by Vehumet.
  5579 | D:6      | Found a white marble altar of Elyvilon.
  5734 | D:6      | Reached ** piety under Vehumet
  6355 | D:7      | Reached skill level 8 in Ice Magic
  6560 | D:7      | Found a glowing silver altar of Zin.
  7416 | D:7      | Reached skill level 5 in Invocations
  7964 | D:8      | Noticed Jeremiah
  8087 | D:8      | Killed Jeremiah
  8088 | D:8      | Reached XP level 10. HP: 45/73 MP: 15/20
  8442 | D:8      | Found an opulent altar of Gozag.
  8609 | D:9      | Reached skill level 5 in Fighting
  8609 | D:9      | Reached skill level 5 in Short Blades
  8609 | D:9      | Reached skill level 5 in Long Blades
  8609 | D:9      | Reached skill level 5 in Axes
  8609 | D:9      | Reached skill level 5 in Maces & Flails
  8609 | D:9      | Reached skill level 5 in Polearms
  8609 | D:9      | Reached skill level 5 in Staves
  8609 | D:9      | Reached skill level 5 in Ranged Weapons
  8609 | D:9      | Reached skill level 5 in Throwing
  8609 | D:9      | Reached skill level 5 in Armour
  8609 | D:9      | Reached skill level 5 in Shields
  8609 | D:9      | Reached skill level 5 in Unarmed Combat
  8609 | D:9      | Reached skill level 5 in Evocations
  8714 | D:9      | Offered knowledge of Stone Arrow by Vehumet.
  8715 | D:9      | Found a staircase to the Lair.
  8750 | D:9      | Reached *** piety under Vehumet
  9146 | D:9      | HP: 2/74 [unseen horror simulacrum (4)]
  9146 | D:9      | Mangled by an unseen horror simulacrum

Illustrated notes

Levels and vault maps discovered:
D:1:      matt_arrival_diagonals, layout_basic, solitary_fountain
D:2:      layout_basic
D:3:      layout_loops_ring, basic_ecumenical_altar, minivault_26, hex_tiny,
          chequers_serial_rivers_room_b
D:4:      layout_basic, nicolae_vehumet_altar_sigil,
          lemuel_coloured_pillars_altar, kennysheep_little_box,
          dreamdust_gnoll_farm, uniq_sigmund
D:5:      layout_basic, regret_index_xom_buried_treasure,
          minmay_temple_entry_trees, serial_shops, nicolae_shop_stone,
          kennysheep_generic_room_7, uniq_eustachio
D:6:      layout_loops_ring, kennysheep_mini, nicolae_elyvilon_temple_path
D:7:      layout_cave_pods, mainiacjoe_overflow_cross_hatched
D:8:      layout_loops_ring, nicolae_gozag_seed_capital, uniq_jeremiah
D:9:      layout_roguey, tgw_trog, erik_lair_island, serial_ice, serial_ice_i,
          serial_ice_n, serial_ice_d, serial_ice_b, serial_ice_m, serial_ice_f,
          minmay_starry_boxes

Skill      XL: |  1  2  3  4  5  6  7  8  9 10 |
---------------+-------------------------------+-----
Spellcasting   | 5 6 7 |  7.5
Invocations    | 1 2 3 4 5 6 |  6.0
Fighting       | 1 2 3 4 5 |  5.4
Short Blades   | 1 2 3 4 5 |  5.4
Long Blades    | 1 2 3 4 5 |  5.4
Axes           | 1 2 3 4 5 |  5.4
Maces & Flails | 1 2 3 4 5 |  5.4
Polearms       | 1 2 3 4 5 |  5.4
Staves         | 1 2 3 4 5 |  5.4
Ranged Weapons | 1 2 3 4 5 |  5.4
Throwing       | 1 2 3 4 5 |  5.4
Armour         | 1 2 3 4 5 |  5.4
Shields        | 1 2 3 4 5 |  5.4
Unarmed Combat | 1 2 3 4 5 |  5.4
Evocations     | 1 2 3 4 5 |  5.4
Shapeshifting  | 1 2 3 4 |  4.9
Conjurations   | 1 2 3 4 |  4.5
Hexes          | 1 2 3 4 |  4.5
Summonings     | 1 2 3 4 |  4.5
Necromancy     | 1 2 3 4 |  4.5
Translocations | 1 2 3 4 |  4.5
Transmutations | 1 2 3 4 |  4.5
Fire Magic     | 1 2 3 4 |  4.5
Air Magic      | 1 2 3 4 |  4.5
Earth Magic    | 1 2 3 4 |  4.5
Poison Magic   | 1 2 3 4 |  4.5
Dodging        | 5 6 7 |  7.2
Stealth        | 5 6 |  6.9
Ice Magic      | 8 |  8.5

Action                     |  1- 3 |  4- 6 |  7- 9 | 10-12 || total
---------------------------+-------+-------+-------+-------++-------
  Melee: Spear             |     9 |       |       |       ||     9
         Short sword       |    24 |     7 |       |       ||    31
         Bite              |     3 |     1 |     8 |    11 ||    23
         Flail             |       |       |    45 |       ||    45
         Punch             |       |       |     3 |     2 ||     5
         Long sword        |       |       |    34 |    59 ||    93
   Cast: Freeze            |    33 |    37 |    81 |     7 ||   158
         Frozen Ramparts   |       |     7 |    28 |     4 ||    39
         Ozocubu's Armour  |       |     4 |    14 |     7 ||    25
         Summon Ice Beast  |       |       |    20 |    10 ||    30
  Evoke: Wand              |       |       |       |     5 ||     5
    Use: Potion            |       |       |     1 |       ||     1
   Stab: Sleeping          |     4 |     1 |       |       ||     5
         Distracted        |       |       |     1 |       ||     1
 Armour: Robe              |    32 |    19 |   141 |   101 ||   293
  Dodge: Dodged            |    31 |    22 |   158 |   121 ||   332

Table legend: (Time is in decaauts)
 A = Elapsed time spent in this place.
 B = Non-inter-level travel time spent in this place.
 C = Inter-level travel time spent in this place.
 D = Time resting spent in this place.
 E = Time spent auto-exploring this place.
 F = Levels seen in this place.
 G = Mean time per level.
                   A        B        C        D        E       F      G
               +--------+--------+--------+--------+--------+-----+--------+
         Total |   9176 |   8691 |    485 |    700 |   6609 |   9 | 1019.6 |
       Dungeon |   9176 |   8691 |    485 |    700 |   6609 |   9 | 1019.6 |
               +--------+--------+--------+--------+--------+-----+--------+

Top non-repeatable levels by time:
     D:7: 1461 daAuts
     D:6: 1405 daAuts
     D:4: 1308 daAuts
     D:5: 1047 daAuts
     D:8: 954 daAuts
     D:1: 913 daAuts
     D:3: 827 daAuts
     D:2: 691 daAuts
     D:9: 566 daAuts
